 Dungeon Sprint DCSS version 0.29-a0-352-g0917bc69df (webtiles) character file.

Game seed: 17929567770449026716

60165 mhtbhm the Minotaur Porcupine (level 14, -31/168 HPs)
             Began as a Minotaur Berserker on Apr 23, 2022.
             Was the Champion of Trog.
             Annihilated by an ironbound convoker
             ... wielding a +0 morningstar
              (33 damage)
             ... in the Dungeon (Sprint IX: "|||||||||||||||||||||||||||||").
             The game lasted 00:06:54 (3935 turns).

mhtbhm the Minotaur Porcupine (Minotaur Berserker)  Turns: 3935, Time: 00:06:54

Health: -31/168    AC: 35    Str: 30    XL:     14   Next: 55%
Magic:  13/13      EV: 13    Int:  4    God:    Trog [******]
Gold:   852        SH:  0    Dex: 10    Spells: 13/13 levels left

rFire   . . .      SeeInvis +   a - +2 bardiche (vorpal)
rCold   . . .      Faith    .   (shield currently unavailable)
rNeg    . . .      Spirit   .   b - +1 plate armour {rPois}
rPois   +          Reflect  .   (helmet restricted)
rElec   +          Harm     .   s - +1 cloak
rCorr   .          Rampage  .   r - +1 pair of gloves {Str+3}
Will    +....      NoTele   +   B - +2 pair of boots of Xamuotz {rElec}
Stlth   ..........              (no amulet)
HPRegen 0.38/turn               m - +2 ring of protection
MPRegen 0.13/turn               A - ring of see invisible

@: marked, on berserk cooldown, slowed, very slow
A: horns 2, retaliatory headbutt
a: Renounce Religion, Berserk, Trog's Hand, Brothers in Arms


You were in the Dungeon.
You worshipped Trog.
Trog was exalted by your worship.
You visited 1 branch You collected 1921 gold pieces.
You spent 1069 gold pieces at shops.

Inventory:

Hand Weapons
 a - a +2 vorpal bardiche (weapon)
Missiles
 w - a throwing net (quivered)
Armour
 b - a +1 plate armour of poison resistance (worn)
 c - a +0 kite shield of protection
 r - a +1 pair of gloves of strength (worn)
 s - a +1 cloak (worn)
 B - the +2 pair of boots of Xamuotz (worn) {rElec}
   (You found it in the Dungeon)

   rElec:     It insulates you from electricity.
Jewellery
 m - a +2 ring of protection (left hand)
 x - a ring of willpower
 y - a ring of ice
 z - a ring of fire
 A - a ring of see invisible (right hand)
Wands
 j - a wand of acid (10)
 t - a wand of flame (4)
Scrolls
 h - 2 scrolls of blinking
 o - 2 scrolls of fog
 p - 2 scrolls of enchant weapon
 q - 4 scrolls of enchant armour
 u - a scroll of identify
 C - a scroll of fear
Potions
 d - 9 potions of heal wounds
 e - 2 potions of haste
 f - 4 potions of magic
 g - a potion of berserk rage
 i - 2 potions of invisibility
 k - a potion of resistance
 l - 11 potions of curing
 n - a potion of flight
 v - a potion of attraction


   Skills:
 O Level 27 Fighting
 O Level 27 Polearms
 + Level 26.6 Armour
 + Level 12.7 Dodging
 + Level 4.1 Stealth


You had 13 spell levels left.
You didn't know any spells.
Your spell library was empty.

Dungeon Overview and Level Annotations

Branches:
Dungeon (1/1)

Altars:
Cheibriados
Dithmenos
Elyvilon
Fedhas
Gozag
Hepliaklqana
Kikubaaqudgha
Makhleb
Nemelex Xobeh
Okawaru
Qazlal
Ru
Sif Muna
Trog
Uskayaw
Vehumet
Wu Jian
Xom
Yredelemnul
Zin
The Shining One
Beogh
Jiyva
Lugonu

Shops:
D *(([


Innate Abilities, Weirdness & Mutations

You have a pair of horns on your head.
You reflexively headbutt those who attack you in melee.


Message History

Unknown command.
You closely miss the vault warden.
The vault warden is severely wounded.
The ironbound convoker casts a spell at the ironbound convoker.
The ironbound convoker seems to grow stronger.
The vault warden hits you with a +0 great mace!!
* * * LOW HITPOINT WARNING * * *
You barely miss the vault warden.
The vault warden is severely wounded.
Unknown command.
You closely miss the vault warden. You headbutt the vault warden!
The vault warden is severely wounded.
The vault warden closely misses you.
Unknown command.
You slice the vault warden like a ripe choko!!!
You kill the vault warden!
Trog accepts your kill.
Trog appreciates your killing of a magic user.
Trog grants you a weapon! Something appears at your feet!
You see here a +1 vorpal glaive.
The runic seal fades away.
You are no longer berserk.
You are exhausted.
You feel yourself slow down.
A vault warden comes into view. It is wielding a +3 war axe.
The ironbound convoker hits you with a +0 morningstar!!
* * * LOW HITPOINT WARNING * * *
The ironbound convoker hits you with a +0 morningstar!
* * * LOW HITPOINT WARNING * * *
Things that are here:
a +0 great mace; a +0 plate armour; a human corpse Unknown command.
You closely miss the ironbound convoker.
The ironbound convoker completely misses you.
Unknown command.
You hit the ironbound convoker.
The ironbound convoker is lightly wounded.
A centaur warrior comes into view.
The ironbound convoker hits you with a +0 morningstar!!
You die...

[[[.[[[.........=)[.)).))........
▓▓▓▓▓▓▓▓▓▓▓▓▓▓▓▓▓▓▓▓▓▓▓▓▓▓▓▓▓▓▓▓▓
...........).....................
▓▓▓▓▓▓▓▓▓▓▓▓▓▓▓▓▓▓▓▓♣♣♣♣♣♣♣♣♣♣▓▓▓
†)).......).)......)†.))......'..
▓▓▓▓▓▓▓▓▓▓▓▓▓▓▓▓▓▓▓▓♣♣♣♣♣♣♣♣♣♣▓▓▓
...p..........††.)...............
▓▓▓▓▓▓▓▓▓▓▓▓▓▓▓▓▓▓▓▓▓▓▓▓▓▓▓▓▓▓▓▓▓
...........+))))@ppkc9pc,,,,,,,,,
▓▓▓▓▓▓▓▓▓▓▓▓▓▓▓▓▓▓▓▓▓▓▓▓*********
,,,,,,,,,,,,,,,,,,,,,,,,,,,,,,,,,
*********************************
,,,,,,,,,,,,,,,,,,,,,,,,,,,,,,,,+
*********************************
,,,,,,,,,,,,,,,,,,,,,,,,,,,,,,,,,
*********************************
,,,,,,,,,,+,,,,,,,,,,,,,+,,,,,,,,


You could see a vault warden, 2 centaur warriors, a lindwurm (strong), 2
ironbound convokers and a peacekeeper.

Vanquished Creatures
  Rupert (D)
  A sphinx (D)
  Kirke (D)
  3 fire giants (D)
  A frost giant (D)
  A vault warden (D)
  2 very ugly things (D)
  A stone giant (D)
  An eleionoma (D)
  A bunyip (D)
  Azrael (D)
  A spark wasp (D)
  Snorg (D)
  2 dire elephants (D)
  An ettin (D)
  2 fire dragons (D)
  5 hydras (D)
  Harold (D)
  An ogre mage (D)
  3 ice dragons (D)
  A boulder beetle (D)
  Erica (D)
  2 centaur warriors (D)
  A satyr (D)
  An alligator (D)
  A radroach (D)
  A tengu warrior (D)
  An ironbound frostheart (D)
  A jorogumo (D)
  A deep troll shaman (D)
  4 shock serpents (D)
  5 orc high priests (D)
  2 deep troll earth magi (D)
  2 spriggans (D)
  A pharaoh ant (D)
  A glowing orange brain (D)
  A sea snake (D)
  A naga ritualist (D)
  A wizard (D)
  3 orc knights (D)
  4 orc sorcerers (D)
  A mana viper (D)
  An ugly thing (D)
  A will-o-the-wisp (D)
  2 manticores (D)
  An elephant (D)
  A water nymph (D)
  5 black mambas (D)
  Joseph (D)
  A torpor snail (D)
  A vault sentinel (D)
  A kobold demonologist (D)
  6 cane toads (D)
  An unseen horror (shapeshifter) (D)
  A komodo dragon (D)
  2 demonic crawlers (D)
  A freezing wraith (D)
  3 merfolk (D)
  A tengu conjurer (D)
  2 hornets (D)
  2 meliai (D)
  4 trolls (D)
  A hornet (shapeshifter) (D)
  7 polar bears (D)
  A slime creature (D)
  A blink frog (D)
  A snapping turtle (D)
  A water elemental (D)
  A yak (D)
  A culicivora (D)
  A wraith (D)
  2 basilisks (D)
  5 fire elementals (D)
  Eustachio (D)
  3 hogs (D)
  A hell hound (D)
  2 water moccasins (D)
  7 orc warriors (D)
  A black bear (D)
  A wolf (D)
  A bullfrog (D)
  A wight (D)
  2 killer bees (D)
  A hound (D)
  3 orc priests (D)
  2 iguanas (D)
  4 orc wizards (D)
  A white imp (D)
  A dart slug (D)
  13 orcs (D)
  A ball python (D)
  A bat (D)
  2 kobolds (D)
  A rat (D)
178 creatures vanquished.

Vanquished Creatures (collateral kills)
  A fire giant (D)
  An ice dragon (D)
  A deep troll shaman (D)
3 creatures vanquished.

Vanquished Creatures (others)
  A human (D)
  A foxfire (D)
2 creatures vanquished.

Grand Total: 183 creatures vanquished

Notes
Turn   | Place    | Note
-------+----------+-------------------------------------------
     0 | D        | mhtbhm the Minotaur Berserker began the quest for the Orb.
     0 | D        | Reached XP level 1. HP: 19/19 MP: 0/0
    11 | D        | Reached ** piety under Trog
    37 | D        | Noticed an iguana
    37 | D        | Noticed an iguana
    37 | D        | Noticed a hound
    45 | D        | Killed an iguana
    46 | D        | Reached skill level 5 in Fighting
    46 | D        | Reached XP level 2. HP: 30/30 MP: 1/1
    46 | D        | Reached XP level 3. HP: 37/37 MP: 2/2
    49 | D        | Reached *** piety under Trog
    55 | D        | Reached XP level 4. HP: 45/45 MP: 3/3
   108 | D        | Found a snail-covered altar of Cheibriados.
   108 | D        | Found a shadowy altar of Dithmenos.
   108 | D        | Found a white marble altar of Elyvilon.
   108 | D        | Found a blossoming altar of Fedhas.
   108 | D        | Found an opulent altar of Gozag.
   109 | D        | Found a hazy altar of Hepliaklqana.
   110 | D        | Found a viscous altar of Jiyva.
   111 | D        | Found an ancient bone altar of Kikubaaqudgha.
   112 | D        | Found a corrupted altar of Lugonu.
   113 | D        | Found a burning altar of Makhleb.
   114 | D        | Found a sparkling altar of Nemelex Xobeh.
   115 | D        | Found an iron altar of Okawaru.
   116 | D        | Found a stormy altar of Qazlal.
   117 | D        | Found a sacrificial altar of Ru.
   118 | D        | Found a shimmering blue altar of Sif Muna.
   119 | D        | Found a bloodstained altar of Trog.
   120 | D        | Found a hide-covered altar of Uskayaw.
   121 | D        | Found a radiant altar of Vehumet.
   122 | D        | Found an ornate altar of the Wu Jian Council.
   123 | D        | Found a shimmering altar of Xom.
   124 | D        | Found a basalt altar of Yredelemnul.
   125 | D        | Found a glowing silver altar of Zin.
   126 | D        | Found a glowing golden altar of the Shining One.
   143 | D        | Got the +2 halberd of an ossuary {protect, Int+2}
   173 | D        | Noticed a troll
   173 | D        | Noticed a troll
   173 | D        | Noticed a wraith
   183 | D        | Reached **** piety under Trog
   184 | D        | Reached XP level 5. HP: 53/53 MP: 4/4
   187 | D        | Killed a troll
   188 | D        | Reached skill level 10 in Fighting
   188 | D        | Reached skill level 5 in Armour
   188 | D        | Reached skill level 5 in Dodging
   188 | D        | Reached XP level 6. HP: 63/67 MP: 5/5
   190 | D        | Killed a troll
   191 | D        | Reached XP level 7. HP: 62/74 MP: 6/6
   194 | D        | Killed a wraith
   194 | D        | Reached ***** piety under Trog
   342 | D        | Noticed a manticore
   342 | D        | Noticed a troll
   342 | D        | Noticed a kobold demonologist
   342 | D        | Noticed a troll
   342 | D        | Noticed a centaur warrior
   378 | D        | Noticed a queen bee
   433 | D        | Noticed a wind drake
   441 | D        | a wind drake changed into something unseen
   446 | D        | Killed a manticore
   447 | D        | Reached XP level 8. HP: 86/86 MP: 7/7
   448 | D        | Killed a troll
   449 | D        | Reached skill level 15 in Polearms
   458 | D        | Killed a kobold demonologist
   458 | D        | Received a gift from Trog
   466 | D        | Killed an unseen horror
   472 | D        | Killed a troll
   473 | D        | Reached XP level 9. HP: 96/96 MP: 8/8
   477 | D        | Killed a centaur warrior
   478 | D        | Reached skill level 15 in Fighting
   630 | D        | Noticed an eight-headed hydra
   630 | D        | Noticed a cane toad
   630 | D        | Noticed a cane toad
   631 | D        | Noticed a komodo dragon
   639 | D        | Killed a 14-headed hydra
   640 | D        | Reached skill level 10 in Armour
   642 | D        | Noticed a cane toad
   646 | D        | Noticed a black mamba
   650 | D        | Killed a cane toad
   651 | D        | Reached XP level 10. HP: 107/107 MP: 9/9
   652 | D        | Killed a cane toad
   652 | D        | Received a gift from Trog
   659 | D        | Killed a cane toad
   662 | D        | Killed a black mamba
   747 | D        | Noticed an elephant
   747 | D        | Noticed a cane toad
   747 | D        | Noticed a cane toad
   747 | D        | Noticed a black mamba
   750 | D        | Killed an elephant
   755 | D        | Killed a cane toad
   755 | D        | Noticed a five-headed hydra
   756 | D        | Reached ****** piety under Trog
   757 | D        | Received a gift from Trog
   757 | D        | Noticed a cane toad
   763 | D        | Killed a cane toad
   772 | D        | Killed a nine-headed hydra
   774 | D        | Killed a black mamba
   777 | D        | Killed a cane toad
   992 | D        | Reached XP level 11. HP: 111/117 MP: 10/10
  1006 | D        | Received a gift from Trog
  1118 | D        | Noticed Erica
  1128 | D        | Killed Erica
  1129 | D        | Reached skill level 15 in Armour
  1294 | D        | Received a gift from Trog
  1310 | D        | Reached skill level 10 in Dodging
  1313 | D        | Received a gift from Trog
  1416 | D        | Noticed an orc sorcerer
  1419 | D        | Noticed an orc sorcerer
  1421 | D        | Killed an orc sorcerer
  1429 | D        | Noticed an orc high priest
  1435 | D        | Killed an orc sorcerer
  1435 | D        | Identified the +2 quick blade "Rapsul" {vorpal, Dex+3}
                  | (Trog gifted it to you in the Dungeon)
  1435 | D        | Received a gift from Trog
  1448 | D        | Killed an orc high priest
  1520 | D        | Found Ymu Leq's Assorted Antiques.
  1520 | D        | Noticed an orc sorcerer
  1520 | D        | Noticed an orc high priest
  1521 | D        | Noticed an orc high priest
  1526 | D        | Killed an orc sorcerer
  1526 | D        | Received a gift from Trog
  1531 | D        | Killed an orc high priest
  1532 | D        | Reached skill level 1 in Stealth
  1532 | D        | Noticed an orc high priest
  1534 | D        | Found Waimom Tair's Weapon Shoppe.
  1543 | D        | Noticed a soul eater
  1545 | D        | Killed an orc high priest
  1549 | D        | Killed an orc high priest
  1549 | D        | Received a gift from Trog
  1549 | D        | Found Obonyze's Antique Weapon Emporium.
  1550 | D        | Noticed an orc knight
  1552 | D        | Found Qoufeiso's Antique Armour Shoppe.
  1555 | D        | Killed an orc knight
  1620 | D        | Noticed an orc high priest
  1621 | D        | Noticed an orc sorcerer
  1622 | D        | Noticed an orc knight
  1639 | D        | Noticed a soul eater
  1639 | D        | Noticed a sun demon
  1641 | D        | Killed an orc high priest
  1643 | D        | Killed an orc sorcerer
  1644 | D        | Reached XP level 12. HP: 132/132 MP: 11/11
  1685 | D        | Bought a faintly glowing chain mail for 228 gold pieces
  1685 | D        | Identified the +0 chain mail of Kleptomania {rC+++ Str-4
                  | Dex+3} (You bought it in a shop in the Dungeon)
  1698 | D        | Bought a scroll labelled NAL NITIFICWUA for 22 gold pieces
  1698 | D        | Bought a scroll labelled VIS ZUSCHOHUS for 22 gold pieces
  1698 | D        | Bought a bubbling brown potion for 19 gold pieces
  1704 | D        | Bought a glimmering leather armour for 154 gold pieces
  1704 | D        | Identified the +1 leather armour of the Echidna {rC+ Will-
                  | Regen+} (You bought it in a shop in the Dungeon)
  1711 | D        | Bought a runed plate armour for 624 gold pieces
  1745 | D        | Noticed Joseph
  1754 | D        | Killed Joseph
  1760 | D        | Noticed Eustachio
  1765 | D        | Killed Eustachio
  1767 | D        | Noticed Harold
  1779 | D        | Killed Harold
  1779 | D        | Received a gift from Trog
  1860 | D        | Got the +2 pair of boots of Xamuotz {rElec}
  1937 | D        | Noticed an ogre mage
  1940 | D        | Noticed a centaur warrior
  1944 | D        | Killed an ogre mage
  1946 | D        | Killed a centaur warrior
  1947 | D        | Noticed a tengu warrior
  1951 | D        | Noticed an ettin
  1953 | D        | Received a gift from Trog
  1954 | D        | Killed a tengu warrior
  1958 | D        | Noticed a brown very ugly thing
  1959 | D        | Killed an ettin
  1960 | D        | Noticed a fire dragon
  1974 | D        | Killed a brown very ugly thing
  1979 | D        | Killed a fire dragon
  2216 | D        | Noticed Snorg
  2223 | D        | Killed Snorg
  2241 | D        | Noticed Rupert
  2254 | D        | Killed Rupert
  2428 | D        | Noticed Azrael
  2430 | D        | Received a gift from Trog
  2440 | D        | Killed Azrael
  2446 | D        | Received a gift from Trog
  2622 | D        | Reached XP level 13. HP: 131/148 MP: 12/12
  2641 | D        | Received a gift from Trog
  2782 | D        | Received a gift from Trog
  2802 | D        | Received a gift from Trog
  2914 | D        | Received a gift from Trog
  2990 | D        | Noticed an eleionoma
  2997 | D        | Received a gift from Trog
  3001 | D        | Noticed a bunyip
  3008 | D        | Reached skill level 27 in Polearms
  3017 | D        | Killed an eleionoma
  3029 | D        | Killed a bunyip
  3149 | D        | Noticed Kirke
  3150 | D        | Received a gift from Trog
  3164 | D        | Killed Kirke
  3227 | D        | Noticed a brown very ugly thing
  3227 | D        | Noticed a fire giant
  3227 | D        | Noticed a fire dragon
  3227 | D        | Noticed a spark wasp
  3230 | D        | Killed a brown very ugly thing
  3231 | D        | Reached skill level 27 in Fighting
  3237 | D        | Killed a fire giant
  3237 | D        | Received a gift from Trog
  3238 | D        | Reached XP level 14. HP: 168/168 MP: 13/13
  3244 | D        | Noticed a fire giant
  3250 | D        | Noticed a sphinx
  3252 | D        | Received a gift from Trog
  3260 | D        | Killed a fire giant
  3260 | D        | Noticed a fire giant
  3264 | D        | Killed a sphinx
  3273 | D        | Killed a fire giant
  3273 | D        | Received a gift from Trog
  3700 | D        | Noticed a frost giant
  3707 | D        | Killed a frost giant
  3707 | D        | Received a gift from Trog
  3775 | D        | Noticed a fire giant
  3779 | D        | Killed a fire giant
  3871 | D        | Noticed a stone giant
  3878 | D        | Killed a stone giant
  3911 | D        | Noticed a vault warden
  3917 | D        | Identified the +7 glaive "Wuodd" {vorpal, rC+ Int-2 Dex+4}
                  | (Trog gifted it to you in the Dungeon)
  3917 | D        | Received a gift from Trog
  3932 | D        | Killed a vault warden
  3932 | D        | Received a gift from Trog
  3933 | D        | Noticed a vault warden
  3933 | D        | HP: 1/168 [ironbound convoker/+0 morningstar (15)]
  3935 | D        | Annihilated by an ironbound convoker

Illustrated notes

Levels and vault maps discovered:
D:        linesprint [early_d, line_temple, items_1, d_10, items_2, lair_1,
          lair_end, items_3, orc_1, orc_end, items_4, d_15, swamp_1, shoals_1,
          snake_1, spider_1, d_20, vaults_1, items_5, swamp_end, shoals_end,
          snake_end, spider_end, vaults_end, d_27, items_6, zot_1, zot_end,
          crypt_end, forest_end, elf_end, slime_end, tomb_end, abyss_end,
          pan_hell_end]

Skill      XL: |  1  2  3  4  5  6  7  8  9 10 11 12 13 14 |
---------------+-------------------------------------------+-----
Fighting       | 5 6 8 10 11 13 14 15 17 19 23 27 | 27.0
Polearms       | 6 7 8 11 12 14 16 18 20 23 25 27 | 27.0
Armour         | 3 4 5 6 7 9 11 14 16 18 21 26 | 26.6
Dodging        | 3 4 5 6 7 8 9 10 11 12 | 12.7
Stealth        | 1 2 4 |  4.1

Action                   |  1- 3 |  4- 6 |  7- 9 | 10-12 | 13-15 || total
-------------------------+-------+-------+-------+-------+-------++-------
Melee: Spear             |    24 |     3 |       |       |       ||    27
       Headbutt          |     2 |       |    10 |    34 |    33 ||    79
       Halberd           |       |    16 |    56 |    12 |       ||    84
       Glaive            |       |       |       |   255 |    27 ||   282
       Bardiche          |       |       |       |       |   178 ||   178
Invok: Berserk           |     1 |     1 |     2 |     6 |     6 ||    16
       Brothers in Arms  |       |       |       |       |     2 ||     2
  Use: Scroll            |       |       |       |     3 |     1 ||     4
Armor: Animal skin       |     2 |       |       |       |       ||     2
       Chain mail        |       |    15 |    39 |    33 |       ||    87
       Plate armour      |       |       |       |    26 |    65 ||    91
Dodge: Dodged            |     7 |     5 |    20 |    61 |    36 ||   129

Table legend: (Time is in decaauts)
 A = Elapsed time spent in this place.
 B = Non-inter-level travel time spent in this place.
 C = Inter-level travel time spent in this place.
 D = Time resting spent in this place.
 E = Time spent auto-exploring this place.
 F = Levels seen in this place.
 G = Mean time per level.
                   A        B        C        D        E       F      G
               +--------+--------+--------+--------+--------+-----+--------+
         Total |   3850 |   3850 |      0 |   2246 |    146 |   1 | 3850.0 |
       Dungeon |   3850 |   3850 |      0 |   2246 |    146 |   1 | 3850.0 |
               +--------+--------+--------+--------+--------+-----+--------+

Top non-repeatable levels by time:
       D: 3850 daAuts
